 Dungeon Crawl Stone Soup version bcrawl-1.34.5 (webtiles) character file.

Game seed: 10273295736498345836

96720 Notrik the Shield-Bearer (level 2, 0/19 HPs)
             Began as a Skeleton Fighter on Oct 25, 2020.
             Slain by a hobgoblin (2 damage)
             ... on level 2 of the Dungeon on Nov 23, 2021.
             The game lasted 00:01:39 (1194 turns).

Notrik the Shield-Bearer (Skeleton Fighter)         Turns: 1194, Time: 00:01:39

Health: 0/19       AC:  6    Str: 20 (22) XL:     2   Next: 96%
Magic:  0/2        EV:  6    Int:  3 (6)  God:
Gold:   23         SH:  9    Dex:  7 (8)  Spells: 1/1 levels left

rFire    . . .     SeeInvis .   a - +0 flail
rCold    + . .     Gourm    .   c - +0 medium shield
rNeg     + + +     Faith    .   b - +0 scale mail
rPois    ∞         Spirit   +   (no helmet)
rElec    .         Reflect  .   (no cloak)
rCorr    .         Harm     .   (no gloves)
MR       .....                  (no boots)
Stlth    ..........             (no amulet)
HPRegen  0.06/turn              (no ring)
MPRegen  0.08/turn              (no ring)

@: no status effects
A: no food or potions, cold resistance 1, deterioration 1, negative energy
resistance 3, torment resistance, unbreathing, magic shield, sturdy frame 1,
spell healing
a: no special abilities


You were on level 2 of the Dungeon.
You were not hungry.

You visited 1 branch of the dungeon, and saw 2 of its levels.

You collected 23 gold pieces.

Inventory:

Hand Weapons
 a - a +0 flail (weapon)
Armour
 b - a +0 scale mail (worn)
 c - a +0 medium shield (worn)
Scrolls
 d - a scroll of fog {unknown}
 e - a scroll of teleportation {unknown}
 f - a scroll of magic mapping {unknown}
 g - a scroll of blinking {unknown}
 h - a scroll of enchant armour {unknown}
 i - a scroll of identify
 j - a scroll of remove curse {unknown}


   Skills:
 * Level 3.4 Fighting
 + Level 3.0 Maces & Flails
 + Level 3.6 Armour
 + Level 4.0 Shields


You had one spell level left.
You didn't know any spells.
Your spell library was empty.

Dungeon Overview and Level Annotations

Branches:
Dungeon (2/12)

Altars:
Xom


Innate Abilities, Weirdness & Mutations

You do not eat or drink.
You are immune to poison.
Your flesh is cold resistant. (rC+)
Your body sometimes deteriorates upon taking damage.
You are immune to negative energy. (rN+++)
You are immune to unholy pain and torment.
You can survive without breathing.
When hurt, damage is shared between your health and your magic reserves.
Your movements are slightly less encumbered by armour. (ER -2)
Casting spells heals you.


Message History

You block the kobold's attack.
Your Maces & Flails skill increases to level 3!
Your Shields skill increases to level 4!
Lua error: [string "/dgldir/rcfiles/crawl-bcrawl/Notrik.rc"]:2: attempt to call global 'AnnounceDamage' (a nil value)
You hit the hobgoblin but do no damage.
The leopard gecko bites you but does no damage.
The hobgoblin hits you. The kobold hits you.
You block the leopard gecko's attack. The hobgoblin barely misses you.
Lua error: [string "/dgldir/rcfiles/crawl-bcrawl/Notrik.rc"]:2: attempt to call global 'AnnounceDamage' (a nil value)
Your shield prevents you from hitting the hobgoblin.
The kobold hits you. You block the leopard gecko's attack.
The hobgoblin closely misses you. The kobold hits you but does no damage.
Lua error: [string "/dgldir/rcfiles/crawl-bcrawl/Notrik.rc"]:2: attempt to call global 'AnnounceDamage' (a nil value)
You are too injured to fight recklessly!
Lua error: [string "/dgldir/rcfiles/crawl-bcrawl/Notrik.rc"]:2: attempt to call global 'AnnounceDamage' (a nil value)
You are too injured to fight recklessly!
Lua error: [string "/dgldir/rcfiles/crawl-bcrawl/Notrik.rc"]:2: attempt to call global 'AnnounceDamage' (a nil value)
You are too injured to fight recklessly!
Lua error: [string "/dgldir/rcfiles/crawl-bcrawl/Notrik.rc"]:2: attempt to call global 'AnnounceDamage' (a nil value)
You are too injured to fight recklessly!
Lua error: [string "/dgldir/rcfiles/crawl-bcrawl/Notrik.rc"]:2: attempt to call global 'AnnounceDamage' (a nil value)
You are too injured to fight recklessly!
Lua error: [string "/dgldir/rcfiles/crawl-bcrawl/Notrik.rc"]:2: attempt to call global 'AnnounceDamage' (a nil value)
You are too injured to fight recklessly!
Lua error: [string "/dgldir/rcfiles/crawl-bcrawl/Notrik.rc"]:2: attempt to call global 'AnnounceDamage' (a nil value)
You are too injured to fight recklessly!
Lua error: [string "/dgldir/rcfiles/crawl-bcrawl/Notrik.rc"]:2: attempt to call global 'AnnounceDamage' (a nil value)
You are too injured to fight recklessly!
Lua error: [string "/dgldir/rcfiles/crawl-bcrawl/Notrik.rc"]:2: attempt to call global 'AnnounceDamage' (a nil value)
You are too injured to fight recklessly!
Lua error: [string "/dgldir/rcfiles/crawl-bcrawl/Notrik.rc"]:2: attempt to call global 'AnnounceDamage' (a nil value)
You are too injured to fight recklessly!
Lua error: [string "/dgldir/rcfiles/crawl-bcrawl/Notrik.rc"]:2: attempt to call global 'AnnounceDamage' (a nil value)
You are too injured to fight recklessly!
Lua error: [string "/dgldir/rcfiles/crawl-bcrawl/Notrik.rc"]:2: attempt to call global 'AnnounceDamage' (a nil value)
You are too injured to fight recklessly!
Lua error: [string "/dgldir/rcfiles/crawl-bcrawl/Notrik.rc"]:2: attempt to call global 'AnnounceDamage' (a nil value)
You are too injured to fight recklessly!
Lua error: [string "/dgldir/rcfiles/crawl-bcrawl/Notrik.rc"]:2: attempt to call global 'AnnounceDamage' (a nil value)
You are too injured to fight recklessly!
Lua error: [string "/dgldir/rcfiles/crawl-bcrawl/Notrik.rc"]:2: attempt to call global 'AnnounceDamage' (a nil value)
You are too injured to fight recklessly!
Lua error: [string "/dgldir/rcfiles/crawl-bcrawl/Notrik.rc"]:2: attempt to call global 'AnnounceDamage' (a nil value)
You are too injured to fight recklessly!
Lua error: [string "/dgldir/rcfiles/crawl-bcrawl/Notrik.rc"]:2: attempt to call global 'AnnounceDamage' (a nil value)
You are too injured to fight recklessly!
Lua error: [string "/dgldir/rcfiles/crawl-bcrawl/Notrik.rc"]:2: attempt to call global 'AnnounceDamage' (a nil value)
You are too injured to fight recklessly!
Lua error: [string "/dgldir/rcfiles/crawl-bcrawl/Notrik.rc"]:2: attempt to call global 'AnnounceDamage' (a nil value)
You are too injured to fight recklessly!
Lua error: [string "/dgldir/rcfiles/crawl-bcrawl/Notrik.rc"]:2: attempt to call global 'AnnounceDamage' (a nil value)
You are too injured to fight recklessly!
Lua error: [string "/dgldir/rcfiles/crawl-bcrawl/Notrik.rc"]:2: attempt to call global 'AnnounceDamage' (a nil value)
You are too injured to fight recklessly!
Lua error: [string "/dgldir/rcfiles/crawl-bcrawl/Notrik.rc"]:2: attempt to call global 'AnnounceDamage' (a nil value)
You barely miss the leopard gecko. You block the leopard gecko's attack.
The hobgoblin hits you. The kobold hits you.
* * * LOW HITPOINT WARNING * * *
Lua error: [string "/dgldir/rcfiles/crawl-bcrawl/Notrik.rc"]:2: attempt to call global 'AnnounceDamage' (a nil value)
You closely miss the leopard gecko. You block the leopard gecko's attack.
The hobgoblin hits you but does no damage.
The kobold hits you but does no damage.
The hobgoblin hits you but does no damage.
Lua error: [string "/dgldir/rcfiles/crawl-bcrawl/Notrik.rc"]:2: attempt to call global 'AnnounceDamage' (a nil value)
The frilled lizard barely misses you. You block the kobold's attack.
The leopard gecko closely misses you. You block the hobgoblin's attack.
Lua error: [string "/dgldir/rcfiles/crawl-bcrawl/Notrik.rc"]:2: attempt to call global 'AnnounceDamage' (a nil value)
Your shield prevents you from hitting the frilled lizard.
You block the frilled lizard's attack. The kobold barely misses you.
You block the leopard gecko's attack.
A dart slug comes into view.
The hobgoblin hits you but does no damage.
The frilled lizard bites you but does no damage.
You block the kobold's attack.
Lua error: [string "/dgldir/rcfiles/crawl-bcrawl/Notrik.rc"]:2: attempt to call global 'AnnounceDamage' (a nil value)
You sock the frilled lizard!
You kill the frilled lizard!
The leopard gecko bites you but does no damage.
You block the hobgoblin's attack. The kobold hits you but does no damage.
The leopard gecko closely misses you.
Lua error: [string "/dgldir/rcfiles/crawl-bcrawl/Notrik.rc"]:2: attempt to call global 'AnnounceDamage' (a nil value)
The hobgoblin hits you.
* * * LOW HITPOINT WARNING * * *
You block the kobold's attack. The dart slug launches a dart at you.
The slug dart hits you but does no damage.
You see here a frilled lizard corpse.
Lua error: [string "/dgldir/rcfiles/crawl-bcrawl/Notrik.rc"]:2: attempt to call global 'AnnounceDamage' (a nil value) Lua error: [string "/dgldir/rcfiles/crawl-bcrawl/Notrik.rc"]:2: attempt to call global 'AnnounceDamage' (a nil value)
The leopard gecko bites you.
* * * LOW HITPOINT WARNING * * *
Lua error: [string "/dgldir/rcfiles/crawl-bcrawl/Notrik.rc"]:2: attempt to call global 'AnnounceDamage' (a nil value) Lua error: [string "/dgldir/rcfiles/crawl-bcrawl/Notrik.rc"]:2: attempt to call global 'AnnounceDamage' (a nil value) Lua error: [string "/dgldir/rcfiles/crawl-bcrawl/Notrik.rc"]:2: attempt to call global 'AnnounceDamage' (a nil value)
You block the leopard gecko's attack.
Lua error: [string "/dgldir/rcfiles/crawl-bcrawl/Notrik.rc"]:2: attempt to call global 'AnnounceDamage' (a nil value) Lua error: [string "/dgldir/rcfiles/crawl-bcrawl/Notrik.rc"]:2: attempt to call global 'AnnounceDamage' (a nil value) Lua error: [string "/dgldir/rcfiles/crawl-bcrawl/Notrik.rc"]:2: attempt to call global 'AnnounceDamage' (a nil value)
The leopard gecko barely misses you. The hobgoblin hits you.
You die...

# ###+#### # #......# ###
#......### ..#
########........ ### #.#
#.............#### #..#####.#
#.............$..#.#......#.#
#..........w...# #....^^^..<#
#.).†....K.g@..# #....._^...#
#..........l..........^^....#
#.............####.#......#.#
#.....$.......... #####g##..
#.........######.# #..####
#.........# # .....
#.........# ######
#.........#


You could see a dart slug, a leopard gecko, a hobgoblin and a kobold.

Vanquished Creatures
  An adder (D:2)
  A dart slug (D:1)
  A leopard gecko (D:1)
  2 goblins (D:1)
  A hobgoblin (D:1)
  2 bats (D:1)
  2 frilled lizards (D:2)
  3 kobolds (D:1)
  6 rats (D:1)
19 creatures vanquished.

Notes
Turn   | Place    | Note
-------+----------+-------------------------------------------
     0 | D:1      | Notrik the Skeleton Fighter began the quest for the Orb.
     0 | D:1      | Reached XP level 1. HP: 14/14 MP: 1/1
   339 | D:1      | Upgraded the game from bcrawl-1.27.7 to bcrawl-1.34.5
   536 | D:1      | Reached XP level 2. HP: 13/19 MP: 2/2
   679 | D:1      | HP: 3/19 [leopard gecko (3)]
   696 | D:1      | HP: 3/19 [bat (1)]
  1164 | D:2      | Found a shimmering altar of Xom.
  1179 | D:2      | Reached skill level 3 in Maces & Flails
  1179 | D:2      | Reached skill level 4 in Shields
  1186 | D:2      | HP: 2/19 [hobgoblin (3)]
  1194 | D:2      | Slain by a hobgoblin

Skill      XL: |  1  2 |
---------------+-------+-----
Maces & Flails | 3 |  3.0
Shields        | 4 |  4.0
Fighting       | |  3.4
Armour         | |  3.6

Action                   || total
-------------------------++-------
Melee: Flail             ||    94
Armor: Scale mail        ||    69
Dodge: Dodged            ||    42
Block: Medium shield     ||    64

Levels and vault maps discovered:
D:1:      dpeg_arrival_boxorama, layout_loops_ring, kennysheep_nondescript
D:2:      layout_basic, lemuel_doored_altar, nicolae_overflow_crystal_walls,
          xom_teletrap_fun

Table legend:
 A = Turns spent in this place as a percentage of turns spent in the entire game.
 B = Non-inter-level travel turns spent in this place as a percentage of non-inter-level travel turns spent in the entire game.
 C = Inter-level travel turns spent in this place as a percentage of turns spent in this place.
 D = Turns resting spent in this place as a percentage of non-inter-level travel turns spent in this place.
 E = Turns spent auto-exploring this place as a percentage of non-inter-level travel turns spent in this place.
 F = Non-inter-level travel turns spent in this place divided by the number of levels of this place that you've seen.
                   A       B       C       D       E      F
               +-------+-------+-------+-------+-------+----------------------
         Total | 100.0 | 100.0 |   1.2 |  11.0 |  73.5 | 590.0
       Dungeon | 100.0 | 100.0 |   1.2 |  11.0 |  73.5 | 590.0
               +-------+-------+-------+-------+-------+----------------------

Table legend:
 A = Kills in this place as a percentage of kills in entire the game.
 B = Kills by you in this place as a percentage of kills by you in the entire game.
 C = Kills by friends in this place as a percentage of kills by friends in the entire game.
 D = Other kills in this place as a percentage of other kills in the entire game.
 E = Experience gained in this place as a percentage of experience gained in the entire game.
 F = Experience gained in this place divided by the number of levels of this place that you have seen.
                   A       B       C       D       E      F
               +-------+-------+-------+-------+-------+----------------------
         Total | 100.0 | 100.0 |   N/A |   N/A | 100.0 |  20.0
       Dungeon | 100.0 | 100.0 |   N/A |   N/A | 100.0 |  20.0
               +-------+-------+-------+-------+-------+----------------------
